 Dungeon Crawl Stone Soup version 0.28.0 (webtiles) character file.

Game seed: 16124888772932307690

60 blackman the Chopper (level 3, -2/31 HPs)
             Began as a Minotaur Fighter on Feb 5, 2022.
             Slain by a worm (5 damage)
             ... on level 2 of the Dungeon.
             The game lasted 00:00:55 (1250 turns).

blackman the Chopper (Minotaur Fighter)             Turns: 1250, Time: 00:00:56

Health: -2/31      AC:  6    Str: 22    XL:     3   Next: 82%
Magic:  2/2        EV:  9    Int:  5    God:
Gold:   45         SH:  4    Dex:  9    Spells: 2/2 levels left

rFire   . . .      SeeInvis .   a - +0 war axe
rCold   . . .      Faith    .   c - +0 buckler
rNeg    . . .      Spirit   .   b - +0 scale mail
rPois   .          Reflect  .   (helmet restricted)
rElec   .          Harm     .   (no cloak)
rCorr   .          Rampage  .   (no gloves)
Will    .....                   (no boots)
Stlth   ..........              (no amulet)
HPRegen 0.10/turn               (no ring)
MPRegen 0.08/turn               (no ring)

@: no status effects
A: horns 2, retaliatory headbutt
a: no special abilities


You were on level 2 of the Dungeon.
You visited 1 branch of the dungeon, and saw 2 of its levels.

You collected 45 gold pieces.

Inventory:

Hand Weapons
 a - a +0 war axe (weapon)
Armour
 b - a +0 scale mail (worn)
 c - a +0 buckler (worn)
Jewellery
 j - a ring of resist corrosion
 o - a ring of magical power
Scrolls
 f - a scroll of identify {unknown}
 g - 3 scrolls of teleportation {unknown}
 h - a scroll of torment {unknown}
 l - a scroll of silence {unknown}
Potions
 d - a potion of might
 e - 3 potions of curing {unknown}
 i - a potion of haste {unknown}
 k - a potion of degeneration {unknown}
 m - 2 potions of invisibility {unknown}
 n - a potion of heal wounds {unknown}


   Skills:
 - Level 3.6 Fighting
 + Level 5.1 Axes
 - Level 3.6 Armour
 - Level 3.6 Shields


You had 2 spell levels left.
You didn't know any spells.
Your spell library was empty.

Dungeon Overview and Level Annotations

Branches:
Dungeon (2/15)

Altars:


Innate Abilities, Weirdness & Mutations

You have a pair of horns on your head.
You reflexively headbutt those who attack you in melee.


Message History

You slash the hobgoblin!
You kill the hobgoblin!
The gnoll hits you but does no damage.
The gnoll throws a throwing net.
The throwing net hits you.
You become entangled in the net!
You struggle against the net.
The gnoll hits you from afar with a +0 spear.
You tear a large gash into the net.
The gnoll barely misses you.
You rip the net and break free!
The gnoll hits you from afar with a +0 spear.
* * * LOW HITPOINT WARNING * * *
You block the gnoll's attack. The gnoll closely misses you.
Things that are here:
a +0 halberd; a hobgoblin corpse You slash the gnoll!
You kill the gnoll!
The gnoll barely misses you. The gnoll closely misses you.
You furiously retaliate!
You headbutt the gnoll. The gnoll barely misses you.
You hit the gnoll. You headbutt the gnoll.
You kill the gnoll!
You block the gnoll's attack.
Your Axes skill increases to level 5!
You slash the kobold!
You kill the kobold!
The gnoll hits you from afar with a +0 halberd.
* * * LOW HITPOINT WARNING * * *
The gnoll hits you with a +0 halberd.
* * * LOW HITPOINT WARNING * * *
The worm closely misses you.
Items here: ( ))) †.
You slash the worm!
The worm is almost dead.
You hit the gnoll but do no damage. The gnoll barely misses you.
The worm bites you.
* * * LOW HITPOINT WARNING * * *
The gnoll closely misses you. You furiously retaliate!
You headbutt the gnoll, but do no damage.
You hit the worm but do no damage.
The worm is severely wounded.
You hit the gnoll. You block the gnoll's attack. The worm bites you.
You die...

#..... #.... ##
.####.... ..
......... ##
........#
........####...
.#.
......)wg.....#
.... #@# #.#
..... #)#
#.##..... #.#
#........
#.#####..#..#
#...........#
########......#
.........#..###
##########..#
#....#


You could see a worm and a gnoll.

Vanquished Creatures
  3 gnolls (D:2)
  A dart slug (D:2)
  A bat (D:2)
  A giant cockroach (D:1)
  5 goblins
  3 hobgoblins (D:2)
  3 quokkas
  4 ball pythons
  A frilled lizard (D:1)
  3 kobolds (D:2)
  2 rats (D:1)
27 creatures vanquished.

Vanquished Creatures (others)
  12 plants (D:2)
12 creatures vanquished.

Grand Total: 39 creatures vanquished

Notes
Turn   | Place    | Note
-------+----------+-------------------------------------------
     0 | D:1      | blackman the Minotaur Fighter began the quest for the Orb.
     0 | D:1      | Reached XP level 1. HP: 19/19 MP: 0/0
   348 | D:1      | Reached skill level 3 in Axes
   431 | D:1      | Reached XP level 2. HP: 26/26 MP: 1/1
  1071 | D:2      | Reached skill level 4 in Axes
  1232 | D:2      | Reached XP level 3. HP: 17/31 MP: 2/2
  1247 | D:2      | Reached skill level 5 in Axes
  1250 | D:2      | Slain by a worm

Illustrated notes

Levels and vault maps discovered:
D:1:      elethiomel_arrival_maze, layout_basic, minmay_stone_trees_small
D:2:      layout_loops_ring, hangedman_decor_opposing, nicolae_grassy_gnolls

Skill      XL: |  1  2  3 |
---------------+----------+-----
Axes           | 3 4 5 |  5.1
Fighting       | |  3.6
Armour         | |  3.6
Shields        | |  3.6

Action                   || total
-------------------------++-------
Melee: War axe           ||    57
       Headbutt          ||     5
Armor: Scale mail        ||    28
Dodge: Dodged            ||    33
Block: Buckler           ||    10
